Map: Lightshade LE

Players

PiLiPiLi

  • Race: Protoss Protoss
  • League: Grandmaster

DisK - Winner!

  • Race: Protoss Protoss

Event: DreamHack SC2 Masters 2021 Summer

VOD

Have the link to the VOD?

Description

Time

  • Played on: May 30, 2021, 3:01 p.m.
  • Length: 10:25

All games in this series

Show
View Real Time Build Order
Export as new Build Order

PiLiPiLi Protoss 

Build Orders: Phoenix Opening, Blink Stalkers 

Get SALT Encoding   

  12  0:00  Probe  
  13  0:12  Probe  
  14  0:20  Pylon  
  14  0:25  Probe  
  15  0:38  Probe (Chrono Boost)  
  15  0:39  Gateway  
  16  0:47  Probe (Chrono Boost)  
  16  0:48  Assimilator  
  17  0:52  Probe (Chrono Boost)  
  17  0:55  Assimilator  
  18  1:04  Probe (Chrono Boost)  
  18  1:10  Gateway  
  19  1:16  Probe (Chrono Boost)  
  20  1:21  Probe (Chrono Boost)  
  21  1:27  Cybernetics Core  
  21  1:30  Probe  
  22  1:35  Pylon  
  22  1:42  Probe  
  23  1:55  Probe  
  23  2:00  Warp Gate (Chrono Boost)  
  24  2:03  Stalker x2  
  24  2:08  Probe  
  29  2:15  Pylon  
  29  2:20  Probe  
  30  2:33  Sentry, Stalker  
  33  2:55  Nexus  
  33  2:57  Shield Battery  
  33  3:00  Probe  
  34  3:07  Phoenix  
  34  3:08  Sentry  
  34  3:09  Sentry  
  34  3:12  Probe  
  39  3:14  Pylon  
  39  3:24  Twilight Council  
  39  3:32  Probe  
  40  3:44  Probe  
  41  3:48  Stalker  
  41  3:50  Stalker  
  45  3:56  Probe  
  45  3:59  Blink (Chrono Boost)  
  46  4:07  Probe  
  46  4:09  Probe  
  48  4:15  Adept x2  
  52  4:19  Probe  
  52  4:21  Probe  
  54  4:29  Pylon  
  54  4:31  Probe  
  54  4:33  Gateway  
  55  4:46  Probe x2  
  57  4:58  Probe x2  
  59  5:01  Phoenix  
  59  5:02  Nexus  
  59  5:09  Pylon  
  59  5:10  Probe x2  
  61  5:19  Stalker x2  
  65  5:22  Probe x2  
  65  5:23  Gateway  
  63  5:34  Probe x2  
  63  5:35  Assimilator  
  65  5:37  Gateway  
  65  5:38  Gateway  
  65  5:41  Robotics Facility  
  65  5:46  Probe  
  65  5:49  Probe  
  67  5:54  Shield Battery  
  67  5:58  Probe  
  67  6:01  Probe  
  67  6:08  Stalker x3  
  69  6:18  Stalker  
  69  6:19  Probe x2  
  69  6:21  Pylon  
  69  6:24  Gateway  
  69  6:29  Immortal (Chrono Boost)  
  69  6:33  Stalker x2  
  69  6:36  Stalker  
  71  6:51  Stalker x3  
  64  6:56  Probe  
  61  7:05  Stalker  
  61  7:08  Pylon  
  63  7:09  Observer (Chrono Boost), Probe (Chrono Boost)  
  63  7:14  Probe (Chrono Boost)  
  63  7:15  Probe (Chrono Boost)  
  67  7:19  Probe (Chrono Boost)  
  70  7:23  Probe x2 (Chrono Boost)  
  70  7:24  Probe (Chrono Boost)  
  67  7:33  Stalker  
  67  7:34  Stalker x3  
  67  7:36  Probe (Chrono Boost)  
  73  7:37  Probe (Chrono Boost)  
  73  7:42  Warp Prism (Chrono Boost)  
  73  7:43  Probe (Chrono Boost)  
  74  7:48  Probe (Chrono Boost)  
  74  7:49  Probe (Chrono Boost)  
  79  7:52  Probe x2 (Chrono Boost)  
  79  7:57  Probe  
  63  8:13  Stalker x6  
  63  8:15  Zealot  
  75  8:20  Charge (Chrono Boost)  
  75  8:26  Probe  
  76  8:28  Probe  
  76  8:29  Gateway  
  76  8:33  Probe  
  78  8:36  Stalker  
  78  8:37  Zealot x3  
  78  8:38  Zealot  
  88  8:51  Stalker  
  88  8:52  Stalker x2  
  94  9:02  Pylon  
  94  9:03  Pylon  
  94  9:08  Stalker  
  94  9:09  Stalker x2  
  100  9:19  Pylon  
  100  9:20  Pylon  
  100  9:21  Gateway  
  100  9:26  Forge  
  100  9:29  Zealot x2, Stalker x3  
  110  9:32  Zealot x3  
  110  9:36  Pylon  
  116  9:51  Zealot  
  116  9:52  Zealot x6  
  122  9:53  Zealot  
  89  10:12  Zealot x7  
  99  10:17  Zealot x4  
  99  10:18  Zealot x4  
Show
View Real Time Build Order
Export as new Build Order

DisK Protoss - Winner!

Build Orders: Phoenix Opening, Blink Stalkers 

Get SALT Encoding   

  12  0:00  Probe  
  13  0:12  Probe  
  14  0:17  Pylon  
  14  0:24  Probe  
  15  0:35  Gateway  
  15  0:36  Probe (Chrono Boost)  
  16  0:45  Probe (Chrono Boost)  
  16  0:46  Assimilator  
  17  0:50  Probe (Chrono Boost)  
  17  0:54  Assimilator  
  18  1:03  Probe (Chrono Boost)  
  19  1:08  Gateway  
  19  1:13  Probe (Chrono Boost)  
  20  1:22  Probe, Cybernetics Core  
  21  1:34  Probe  
  21  1:39  Pylon  
  22  1:46  Probe  
  23  1:58  Probe  
  23  1:59  Stalker x2  
  23  2:00  Warp Gate  
  28  2:10  Probe  
  28  2:12  Pylon  
  29  2:21  Pylon  
  29  2:23  Probe  
  30  2:31  Sentry  
  30  2:37  Sentry  
  34  2:48  Nexus  
  34  2:57  Probe  
  35  3:05  Pylon  
  35  3:08  Shield Battery  
  35  3:09  Probe (Chrono Boost)  
  35  3:12  Phoenix  
  36  3:21  Probe (Chrono Boost), Twilight Council  
  37  3:28  Probe (Chrono Boost)  
  37  3:32  Forge  
  38  3:36  Probe  
  39  3:48  Probe, Stalker  
  39  3:52  Blink (Chrono Boost)  
  42  4:01  Probe (Chrono Boost)  
  44  4:03  Protoss Ground Weapons Level 1 (Chrono Boost)  
  44  4:05  Probe (Chrono Boost)  
  44  4:12  Probe (Chrono Boost)  
  44  4:15  Probe (Chrono Boost)  
  46  4:22  Robotics Facility  
  47  4:25  Probe  
  47  4:27  Stalker  
  47  4:29  Stalker  
  51  4:37  Shield Battery  
  51  4:44  Probe  
  51  4:45  Probe  
  53  4:48  Shield Battery  
  53  4:52  Gateway  
  53  4:53  Gateway  
  53  4:57  Stalker  
  53  4:59  Probe  
  56  5:01  Probe  
  56  5:03  Assimilator  
  56  5:05  Pylon  
  57  5:12  Shield Battery  
  57  5:13  Stalker  
  57  5:22  Warp Prism (Chrono Boost)  
  57  5:27  Pylon  
  59  5:30  Probe x2  
  59  5:33  Stalker  
  63  5:47  Stalker x2  
  63  5:48  Stalker  
  69  5:52  Observer  
  67  6:10  Stalker x3  
  73  6:12  Stalker  
  73  6:29  Nexus  
  73  6:34  Pylon  
  73  6:45  Stalker x2  
  77  6:53  Protoss Ground Weapons Level 2 (Chrono Boost)  
  63  6:54  Probe  
  63  6:55  Probe  
  65  7:03  Stalker x4  
  65  7:06  Probe  
  73  7:09  Probe  
  73  7:16  Gateway  
  73  7:17  Gateway  
  73  7:18  Observer  
  73  7:20  Gateway  
  73  7:21  Gateway  
  71  7:31  Charge  
  71  7:37  Probe x2  
  71  7:46  Templar Archives  
  71  7:48  Probe (Chrono Boost)  
  71  7:49  Probe x2 (Chrono Boost)  
  74  7:52  Pylon  
  74  7:58  Probe x3 (Chrono Boost)  
  76  8:03  Probe x2 (Chrono Boost)  
  68  8:06  Warp Prism  
  68  8:11  Stalker x3  
  68  8:12  Stalker  
  75  8:20  Assimilator  
  75  8:22  Pylon  
  75  8:24  Stalker x3  
  75  8:27  Stalker  
  80  8:31  Photon Cannon  
  80  8:38  Probe  
  80  8:40  Pylon  
  81  8:50  Probe  
  81  8:52  Shield Battery  
  82  8:57  Zealot x8  
  82  9:02  Observer  
  99  9:09  Pylon  
  99  9:12  Pylon  
  97  9:20  High Templar x2, Warp Prism (Chrono Boost)  
  103  9:24  High Templar  
  103  9:25  High Templar, Zealot x3  
  103  9:27  Archon  
  113  9:31  Archon  
  113  9:33  Shield Battery  
  113  9:36  Shield Battery  
  113  9:39  Pylon  
  111  9:45  Stalker  
  111  9:46  Stalker x3  
  115  9:57  Zealot x4  
  87  10:16  Zealot x4  
  87  10:18  Zealot x4  
Tags
 
Add a new tag
Caveats
  • Supply blocks, unpowered buildings, or Contaminate may cause inaccurate times.
  • Supply counts are checked every 10 seconds.